 Dungeon Crawl Stone Soup version 0.29-a0-559-g359e09b9d1 (webtiles) character file.

Game seed: 3921823935418310114

44 vulpzor the Insei (level 3, -5/23 HPs)
             Began as an Octopode Transmuter on June 11, 2022.
             Was a Follower of Nemelex Xobeh.
             Slain by a worm (7 damage)
             ... on level 2 of the Dungeon.
             The game lasted 00:03:18 (1756 turns).

vulpzor the Insei (Octopode Transmuter)             Turns: 1756, Time: 00:03:21

Health: -5/23      AC:  1    Str:  9    XL:     3   Next: 62%
Magic:  5/6        EV: 13    Int: 15    God:    Nemelex Xobeh [*.....]
Gold:   96         SH:  0    Dex: 14    Spells: 5/6 levels left

rFire   . . .      SeeInvis .     - Unarmed
rCold   . . .      Faith    .   (no shield)
rNeg    . . .      Spirit   .   (helmet currently unavailable)
rPois   .          Reflect  .   (no amulet)
rElec   .          Harm     .   (no ring)
rCorr   .          Rampage  .   (no ring)
Will    .....                   (no ring)
Stlth   ++........              (no ring)
HPRegen 0.07/turn               (no ring)
MPRegen 0.10/turn               (no ring)
                                (no ring)
                                (no ring)

@: appendages
A: tentacle spike 3, almost no armour, amphibious, 8 rings, camouflage 1,
gelatinous body 1, (nimble swimmer 1), tentacles
a: End Transformation, Renounce Religion, Draw Escape, Draw Destruction, Draw
Summoning


You were on level 2 of the Dungeon.
You worshipped Nemelex Xobeh.
Nemelex Xobeh was aware of your devotion.
One of your tentacles had grown a beastly spike.
You visited 1 branch of the dungeon, and saw 2 of its levels.

You collected 96 gold pieces.

Inventory:

Scrolls
 b - 5 scrolls of identify {unknown}
 f - 2 scrolls of teleportation {unknown}
Potions
 a - 2 potions of lignification
 c - a potion of mutation {unknown}
 d - 3 potions of heal wounds {unknown}
 e - a potion of attraction {unknown}
 g - a potion of curing {unknown}


   Skills:
 + Level 1.6 Fighting
 + Level 2.4 Dodging
 + Level 3.3 Unarmed Combat
 + Level 2.3 Spellcasting
 + Level 2.4 Transmutations


You had 5 spell levels left.
You knew the following spells:

 Your Spells              Type           Power      Damage    Failure   Level
a - Beastly Appendage     Tmut           18%        N/A       8%          1

Your spell library contained the following spells:

 Spells                   Type           Power      Damage    Failure   Level
 Wereblood                Tmut           9%         N/A       12%         2
 Sting                    Tmut/Pois      20%        1d4       13%         1
 Poisonous Vapours        Pois/Air       2%         N/A       32%         2
 Spider Form              Tmut/Pois      5%         N/A       36%         3
 Ice Form                 Ice/Tmut       5%         N/A       78%         4
 Olgreb's Toxic Radiance  Pois           1%         N/A       91%         4


Dungeon Overview and Level Annotations

Branches:
Dungeon (2/15)

Altars:
Nemelex Xobeh

Annotations:
D:2 Sigmund


Innate Abilities, Weirdness & Mutations

One of your tentacles has grown a beastly spike.
You cannot wear most types of armour.
You are amphibious.
You can wear up to eight rings at the same time.
Your skin changes colour to match your surroundings (Stealth+).
Your rubbery body absorbs attacks. (AC +1, EV +1)
((You are camouflaged when in or above water. (Stealth+)))
You have tentacles for arms and can constrict up to eight enemies at once.


Message History

A frilled lizard comes into view.
Found a stone staircase leading up.
There is a dry fountain here.
A worm and an endoplasm come into view.
The endoplasm quivers.
Sigmund the Dreaded comes into view.
He is wielding a +0 scythe.
The helpless frilled lizard fails to defend itself.
You tentacle-slap the frilled lizard. Your grab misses the frilled lizard.
You squeeze the frilled lizard.
You kill the frilled lizard!
The endoplasm hits you.
You tentacle-slap the endoplasm.
The endoplasm is heavily wounded.
You tentacle-slap the endoplasm.
The endoplasm is almost dead.
The endoplasm closely misses you.
You barely miss the endoplasm. You squeeze the endoplasm.
You kill the endoplasm!
Sigmund casts a spell at you.
You are confused.
You are too confused!
You're too confused to cast spells.
What are your orders? t - Shout!
Anything else - Cancel.
Okay, then.
What are your orders? t - Shout!
Anything else - Cancel.
Okay, then.
Sigmund hits you with a +0 scythe! The worm bites you.
You feel less confused. Sigmund closely misses you.
Casting: Beastly Appendage (safe; 8% risk of failure)
Confirm with . or Enter, or press ? or * to list all spells.
One of your tentacles grows a vicious spike.
Sigmund casts a spell at you. The puff of flame hits you!
* * * LOW HITPOINT WARNING * * *
The worm bites you!
You die...
Your body glows slightly and disappears.

#.# #...... # #.#
#........ .
#.########## #........
.. #..........#
#........ ).
#..⌠≈⌠≈≈≈≈.###........
#)# ##.⌠.........#
.... #.
#.≈.#.#.⌠...##....
#.≈.#.#.⌠......#
#.≈.#_#...@..#######
#.≈P###.≈..w#......#..
#.P.....P..@..........
#.≈≈≈≈†.⌠.............
#.........#....<.....#
#####.##.##..........#
#....##..........#
####.##..........#
#.###........##


You could see Sigmund and a worm.

Vanquished Creatures
  An adder (D:2)
  2 dart slugs (D:1)
  4 bats
  5 endoplasms
  A giant cockroach (D:2)
  2 goblins (D:1)
  2 hobgoblins
  2 kobolds
  5 ball pythons
  2 frilled lizards
  2 rats (D:2)
28 creatures vanquished.

Vanquished Creatures (others)
  A plant (D:2)
1 creature vanquished.

Grand Total: 29 creatures vanquished

Notes
Turn   | Place    | Note
-------+----------+-------------------------------------------
     0 | D:1      | vulpzor the Octopode Transmuter began the quest for the
                  | Orb.
     0 | D:1      | Reached XP level 1. HP: 13/13 MP: 3/3
   156 | D:1      | Reached XP level 2. HP: 14/18 MP: 5/5
  1316 | D:2      | Reached XP level 3. HP: 18/23 MP: 6/6
  1698 | D:2      | Found a faded altar of an unknown god.
  1703 | D:2      | Prayed at the altar of an unknown god.
  1703 | D:2      | Became a worshipper of Nemelex Xobeh the Trickster
  1703 | D:2      | Reached * piety under Nemelex Xobeh
  1741 | D:2      | Noticed Sigmund
  1756 | D:2      | Slain by a worm

Illustrated notes

Levels and vault maps discovered:
D:1:      mrwooster_arrival_statue_3, layout_loops_cross
D:2:      layout_rooms, shapermc_ecumenical_altar_acropolis, serial_shops,
          nicolae_shop_waterfront, uniq_sigmund, uniq_natasha

Action                   || total
-------------------------++-------
Melee: Unarmed           ||    60
       Tentacles         ||    15
       Constrict         ||    12
       Kick              ||     1
 Cast: Beastly Appendage ||     2
 Stab: Sleeping          ||     8
Armor: Skin              ||     3
Dodge: Dodged            ||    21

Table legend: (Time is in decaauts)
 A = Elapsed time spent in this place.
 B = Non-inter-level travel time spent in this place.
 C = Inter-level travel time spent in this place.
 D = Time resting spent in this place.
 E = Time spent auto-exploring this place.
 F = Levels seen in this place.
 G = Mean time per level.
                   A        B        C        D        E       F      G
               +--------+--------+--------+--------+--------+-----+--------+
         Total |   1751 |   1751 |      0 |    247 |   1233 |   2 |  875.5 |
       Dungeon |   1751 |   1751 |      0 |    247 |   1233 |   2 |  875.5 |
               +--------+--------+--------+--------+--------+-----+--------+

Top non-repeatable levels by time:
     D:1: 1035 daAuts
     D:2: 716 daAuts
